Wiprows vs Blackdemons
(R1)
Created - 7 février 2016 at 22:59
Goals
|
| Wiprows |
0 |
5 |
3 |
8 |
| Blackdemons |
2 |
1 |
1 |
4 |
|
Shots
|
| Wiprows |
8 |
16 |
16 |
40 |
| Blackdemons |
19 |
8 |
6 |
33 |
|
1st period
1. Blackdemons , Shawn Matthias 22 (Barry Tallackson, Enver Lisin) at 0:33
2. Blackdemons , Barry Tallackson 30 (Andrew MacDonald, Shawn Matthias) at 19:22 (PP)
Penalties :
Zach Boychuk (MJM) for Tripping (Minor) at 4:05, Brendon Nash (Win) for Hooking (Minor) at 13:43, Thomas Hickey (Win) for Hooking (Minor) at 18:05
2nd period
3. Wiprows , Éric Belanger 20 (Kristian Huselius, Brendon Nash) at 1:29
4. Blackdemons , Richard Park 12 (Andrew MacDonald, Matt Hunwick) at 11:28
5. Wiprows , Kristian Huselius 18 (Éric Belanger, T.J. Oshie) at 11:52
6. Wiprows , Kristian Huselius 19 (T.J. Oshie, Éric Belanger) at 12:38 (PP)
7. Wiprows , Éric Belanger 21 (T.J. Oshie, Kristian Huselius) at 13:24 (PP)
8. Wiprows , T.J. Oshie 32 (Kristian Huselius, Éric Belanger) at 18:42 (PP)
Penalties :
Nick Bonino (Win) for Hooking (Minor) at 6:50, Shawn Matthias (MJM) for Hooking (Minor) at 7:26, Wayne Primeau (MJM) for Goalie Interference (Minor) at 12:21, Michael Haley (MJM) for Roughing (Minor) at 12:41, Michael Haley (MJM) for Hooking (Minor) at 13:56, Patrice Cormier (MJM) for Hooking (Minor) at 18:23
3rd period
9. Blackdemons , Patrice Cormier 14 (Eric Wellwood, Steve Oleksy) at 3:52
10. Wiprows , Kevin Connauton 1 (Kristian Huselius, T.J. Oshie) at 5:37
11. Wiprows , Jonathan Tremblay 13 (Nick Bonino, Kristian Huselius) at 7:23
12. Wiprows , Tim Conboy 11 (Eric Tangradi) at 16:47
Penalties :
Andrew MacDonald (MJM) for Hooking (Minor) at 9:21, Patrice Cormier (MJM) for Goalie Interference (Minor) at 17:45
Goalie Stats
Anders Lindback (Win), 29 saves from 33 shots - (0,879), W, 14-13-6, 60:00 minutes
Chris Mason (MJM), 18 saves from 23 shots - (0,783), L, 25-8-3, 38:42 minutes
Andrew Hammond (MJM), 14 saves from 17 shots - (0,824), 21:18 minutes
Players Stats for Wiprows
Player Name G A P +/- PIM S H SB GA TA FO MP PP MP PK MP
------------------------------------------------------------------------------------
Brandon Bollig 0 0 0 0 0 1 2 1 0 0 0/0 15:50 4:01 0:00
Brendon Nash 0 1 1 -2 2 5 1 4 1 0 0/0 29:41 5:26 1:26
Cade Fairchild 0 0 0 0 0 0 2 2 0 0 0/0 10:44 0:00 1:06
Drayson Bowman 0 0 0 0 0 0 0 0 0 0 1/1 0:53 0:20 0:00
Éric Belanger 2 3 5 2 0 3 4 1 2 1 23/40 25:14 5:38 2:23
Eric Tangradi 0 1 1 1 0 0 1 0 0 1 0/0 9:53 0:00 0:02
Gord Baldwin 0 0 0 -1 0 2 0 5 0 1 0/0 27:36 5:17 2:34
Jonathan Tremblay 1 0 1 0 0 3 4 1 0 0 1/1 16:52 4:01 0:48
Jordan Szwarz 0 0 0 0 0 0 1 0 0 0 0/0 0:50 0:17 0:00
Justin Shugg 0 0 0 0 0 0 0 0 0 0 0/0 0:00 0:00 0:00
Kevin Connauton 1 0 1 3 0 1 2 3 0 0 0/0 18:56 4:04 1:13
Kris Foucault 0 0 0 0 0 0 0 0 0 0 0/0 0:39 0:00 0:39
Kristian Huselius 2 5 7 2 0 6 2 1 1 1 1/4 23:18 5:27 1:24
Linden Vey 0 0 0 -1 0 1 1 0 0 0 0/0 6:43 0:00 0:00
Matt Bartkowski 0 0 0 0 0 0 0 0 0 1 0/0 3:54 0:00 0:23
Matt Beleskey 0 0 0 -1 0 1 0 0 0 0 1/1 6:43 0:00 0:00
Maxime Macenauer 0 0 0 1 0 0 0 0 0 1 3/6 9:46 0:00 0:00
Michael Chaput 0 0 0 0 0 0 0 0 0 0 0/0 0:10 0:00 0:05
Nick Bonino 0 1 1 0 2 5 3 1 0 1 2/10 16:16 4:16 0:00
Oliver Lauridsen 0 0 0 0 0 0 0 1 0 0 0/0 10:16 0:43 0:00
T.J. Oshie 1 4 5 2 0 5 0 1 1 1 0/1 25:03 5:33 2:23
Thomas Hickey 0 0 0 4 2 1 0 2 0 3 0/0 18:56 4:12 1:02
Tim Conboy 1 0 1 1 0 4 0 0 0 0 0/0 9:46 0:00 0:00
Tim Schaller 0 0 0 -1 0 2 1 0 0 0 0/2 6:43 0:00 0:00
Players Stats for Blackdemons
Player Name G A P +/- PIM S H SB GA TA FO MP PP MP PK MP
------------------------------------------------------------------------------------
Andrew MacDonald 0 2 2 0 2 1 0 2 0 1 0/0 18:33 1:09 2:55
Barry Tallackson 1 1 2 0 0 2 1 1 1 0 0/2 18:42 1:28 5:39
Ben Maxwell 0 0 0 0 0 0 0 0 0 0 0/0 0:07 0:07 0:00
Bryan Rust 0 0 0 0 0 0 0 0 0 0 0/0 0:00 0:00 0:00
Calvin de Haan 0 0 0 1 0 0 0 0 0 0 0/0 3:47 0:00 0:24
Charles-Olivier Roussel 0 0 0 1 0 0 0 0 0 0 0/0 3:23 0:00 0:00
Dan Bertram 0 0 0 0 0 0 0 0 0 0 0/0 0:00 0:00 0:00
Enver Lisin 0 1 1 -3 0 3 2 0 2 0 9/16 23:31 2:24 5:29
Eric Wellwood 0 1 1 1 0 0 0 0 1 0 1/1 13:26 0:00 1:11
Igor Makarov 0 0 0 0 0 0 0 0 0 0 0/1 0:29 0:07 0:00
Jakub Kindl 0 0 0 -4 0 3 2 0 2 1 0/0 28:11 2:43 5:56
Jeffrey Foss 0 0 0 1 0 0 1 0 0 1 0/0 9:30 0:00 0:36
Luca Caputi 0 0 0 0 0 0 0 0 0 0 0/0 7:43 0:00 0:00
Mathieu Dandenault 0 0 0 0 0 0 1 1 0 0 0/0 7:43 0:00 0:00
Matt Hunwick 0 1 1 0 0 0 0 0 0 1 0/0 19:32 1:09 3:55
Matt Irwin 0 0 0 -4 0 5 1 2 0 0 0/0 28:11 2:43 5:56
Michael Haley 0 0 0 0 4 0 2 0 0 0 0/0 11:51 1:28 0:00
Patrice Cormier 1 0 1 1 4 2 1 0 1 0 3/6 11:54 0:00 0:00
Richard Park 1 0 1 1 0 7 3 0 1 0 0/0 14:30 0:00 2:33
Scott Timmins 0 0 0 0 0 0 0 0 0 0 0/0 2:45 0:00 2:17
Shawn Matthias 1 1 2 0 2 1 1 1 0 0 5/10 11:56 1:27 0:00
Steve Oleksy 0 1 1 1 0 1 0 1 0 0 0/0 8:54 0:00 0:00
Steven Zalewski 0 0 0 0 0 1 0 0 1 0 0/2 7:43 0:00 0:00
Wayne Primeau 0 0 0 -3 2 4 2 1 2 1 16/27 19:17 2:17 2:33
Zach Boychuk 0 0 0 -3 2 3 3 2 0 0 0/1 17:00 2:17 0:00
3 Stars
1 - Kristian Huselius (Win)
2 - Éric Belanger (Win)
3 - T.J. Oshie (Win)
Power Play
Wiprows - 3 on 8 Attempt(s) - 37,50%
Blackdemons - 1 on 3 Attempt(s) - 33,33%
Penalty Kill
Wiprows - 2 on 3 Attempt(s) - 66,67%
- Score 0 goal in Penalty Kill
Blackdemons - 5 on 8 Attempt(s) - 62,50%
- Score 0 goal in Penalty Kill
Team Stat
Wiprows - Hits : 24 - Faceoff Wins : 32 - Blocked Shots : 23 - Penalty Minutes : 6
Blackdemons - Hits : 20 - Faceoff Wins : 34 - Blocked Shots : 11 - Penalty Minutes : 16
Official
Referees : Walkom Stephen and Hasenfratz Mike
Linesman : Darren Gibbs and Scott Cherrey
Game Notes
Andrew Hammond enters game at 18:42 of 2nd period
Finance
Level 1 -- Attendance: 1441 (72,05%) -- Ticket Income 43 230 $
Level 2 -- Attendance: 733 (73,30%) -- Ticket Income 7 330 $
Total Attendance: 2174 (72,47%)
Total Ticket Income: 50 560 $
Other Income: 2 528 $
Total Income: 53 088 $
Wiprows
5 vs 5 Forward
Center Left Wing Right Wing Time % Phy DF OF
1 Éric Belanger Kristian Huselius T.J. Oshie 40 1 2 2
2 Nick Bonino Brandon Bollig Jonathan Tremblay 30 1 2 2
3 Maxime Macenauer Eric Tangradi Tim Conboy 20 1 2 2
4 Tim Schaller Matt Beleskey Linden Vey 10 1 2 2
5 vs 5 Defense
Defense Defense Time % Phy DF OF
1 Brendon Nash Gord Baldwin 40 1 2 2
2 Thomas Hickey Kevin Connauton 30 1 2 2
3 Oliver Lauridsen Cade Fairchild 20 1 2 2
4 Matt Bartkowski Brendon Nash 10 1 2 2
PowerPlay Forward
Center Left Wing Right Wing Time % Phy DF OF
1 Éric Belanger Kristian Huselius T.J. Oshie 60 1 2 2
2 Nick Bonino Brandon Bollig Jonathan Tremblay 40 1 2 2
PowerPlay Defense
Defense Defense Time % Phy DF OF
1 Brendon Nash Gord Baldwin 60 1 2 2
2 Thomas Hickey Kevin Connauton 40 1 2 2
Penalty Kill 4 Players Forward
Center Wing Time % Phy DF OF
1 Éric Belanger T.J. Oshie 60 1 2 2
2 Kristian Huselius Jonathan Tremblay 40 1 2 2
Penalty Kill 4 Players Defense
Defense Defense Time % Phy DF OF
1 Brendon Nash Gord Baldwin 60 1 2 2
2 Thomas Hickey Kevin Connauton 40 1 2 2
Penalty Kill - 3 Players Forward
Forward Time % Phy DF OF
1 Éric Belanger 60 1 2 2
2 T.J. Oshie 40 1 2 2
Penalty Kill - 3 Players Defense
Defense Defense Time % Phy DF OF
1 Brendon Nash Gord Baldwin 60 1 2 2
2 Thomas Hickey Kevin Connauton 40 1 2 2
4 vs 4 Forward
Center Wing Time % Phy DF OF
1 Éric Belanger T.J. Oshie 60 1 2 2
2 Kristian Huselius Jonathan Tremblay 40 1 2 2
4 vs 4 Defense
Defense Defense Time % Phy DF OF
1 Brendon Nash Gord Baldwin 60 1 2 2
2 Thomas Hickey Kevin Connauton 40 1 2 2
Last Minutes Offensive
Center Left Wing Right Wing Defense Defense
Éric Belanger Kristian Huselius T.J. Oshie Brendon Nash Gord Baldwin
Last Minutes Defensive
Center Left Wing Right Wing Defense Defense
Éric Belanger Kristian Huselius T.J. Oshie Brendon Nash Gord Baldwin
Goaltenders
Starting : Anders Lindback
Backup : Calvin Pickard
Extra Forwards
Normal : Drayson Bowman, Jordan Szwarz, Kris Foucault - PP : Drayson Bowman, Jordan Szwarz - PK : Kris Foucault
Extra Defensemen
Normal : Oliver Lauridsen, Cade Fairchild, Matt Bartkowski - PP : Oliver Lauridsen - PK : Cade Fairchild, Matt Bartkowski
Penalty Shots
Éric Belanger, T.J. Oshie, Kristian Huselius, Jonathan Tremblay, Tim Conboy
Blackdemons
5 vs 5 Forward
Center Left Wing Right Wing Time % Phy DF OF
1 Wayne Primeau Zach Boychuk Enver Lisin 40 1 2 2
2 Shawn Matthias Michael Haley Barry Tallackson 30 1 2 2
3 Patrice Cormier Eric Wellwood Richard Park 20 1 2 2
4 Steven Zalewski Luca Caputi Mathieu Dandenault 10 1 2 2
5 vs 5 Defense
Defense Defense Time % Phy DF OF
1 Jakub Kindl Matt Irwin 40 1 2 2
2 Matt Hunwick Andrew MacDonald 30 1 2 2
3 Steve Oleksy Jeffrey Foss 20 1 2 2
4 Calvin de Haan Charles-Olivier Roussel 10 1 2 2
PowerPlay Forward
Center Left Wing Right Wing Time % Phy DF OF
1 Wayne Primeau Zach Boychuk Enver Lisin 60 1 2 2
2 Shawn Matthias Michael Haley Barry Tallackson 40 1 2 2
PowerPlay Defense
Defense Defense Time % Phy DF OF
1 Jakub Kindl Matt Irwin 60 1 2 2
2 Matt Hunwick Andrew MacDonald 40 1 2 2
Penalty Kill 4 Players Forward
Center Wing Time % Phy DF OF
1 Enver Lisin Barry Tallackson 60 1 2 2
2 Wayne Primeau Richard Park 40 1 2 2
Penalty Kill 4 Players Defense
Defense Defense Time % Phy DF OF
1 Jakub Kindl Matt Irwin 60 1 2 2
2 Matt Hunwick Andrew MacDonald 40 1 2 2
Penalty Kill - 3 Players Forward
Forward Time % Phy DF OF
1 Enver Lisin 60 1 2 2
2 Barry Tallackson 40 1 2 2
Penalty Kill - 3 Players Defense
Defense Defense Time % Phy DF OF
1 Jakub Kindl Matt Irwin 60 1 2 2
2 Matt Hunwick Andrew MacDonald 40 1 2 2
4 vs 4 Forward
Center Wing Time % Phy DF OF
1 Enver Lisin Barry Tallackson 60 1 2 2
2 Wayne Primeau Richard Park 40 1 2 2
4 vs 4 Defense
Defense Defense Time % Phy DF OF
1 Jakub Kindl Matt Irwin 60 1 2 2
2 Matt Hunwick Andrew MacDonald 40 1 2 2
Last Minutes Offensive
Center Left Wing Right Wing Defense Defense
Wayne Primeau Zach Boychuk Enver Lisin Jakub Kindl Matt Irwin
Last Minutes Defensive
Center Left Wing Right Wing Defense Defense
Wayne Primeau Zach Boychuk Enver Lisin Jakub Kindl Matt Irwin
Goaltenders
Starting : Chris Mason
Backup : Andrew Hammond
Extra Forwards
Normal : Igor Makarov, Ben Maxwell, Scott Timmins - PP : Igor Makarov, Ben Maxwell - PK : Scott Timmins
Extra Defensemen
Normal : Steve Oleksy, Jeffrey Foss, Calvin de Haan - PP : Steve Oleksy - PK : Jeffrey Foss, Calvin de Haan
Penalty Shots
Enver Lisin, Barry Tallackson, Wayne Primeau, Richard Park, Shawn Matthias
% Time on Ice - Wiprows
Lines # - Real PCT - Wanted PCT - Time Play
Normal Forward
1 - 37% - 40% - 16:24
2 - 27% - 30% - 12:01
3 - 22% - 20% - 9:46
4 - 15% - 10% - 6:43
Normal Defense
1 - 42% - 40% - 18:48
2 - 29% - 30% - 13:02
3 - 21% - 20% - 9:33
4 - 8% - 10% - 3:31
PP Forward
1 - 58% - 60% - 5:41
2 - 42% - 40% - 4:10
PP Defense
1 - 59% - 60% - 5:50
2 - 41% - 40% - 4:01
PK Forward
1 - 79% - 60% - 3:04
2 - 21% - 40% - 0:48
PK Defense
1 - 69% - 60% - 2:39
2 - 31% - 40% - 1:13
PK3 Forward
1 - 0% - 60%
2 - 0% - 40%
PK3 Defense
1 - 0% - 60%
2 - 0% - 40%
44 Forward
1 - 83% - 60% - 1:09
2 - 17% - 40% - 0:14
44 Defense
1 - 75% - 60% - 1:02
2 - 25% - 40% - 0:21
Last Minute Offensive - 0:00
Last Minute Defensive - 0:00
Total
Forward - 60:00
Defense - 60:00
|
% Time on Ice - Blackdemons
Lines # - Real PCT - Wanted PCT - Time Play
Normal Forward
1 - 33% - 40% - 14:59
2 - 23% - 30% - 10:25
3 - 26% - 20% - 11:47
4 - 17% - 10% - 7:43
Normal Defense
1 - 41% - 40% - 18:31
2 - 31% - 30% - 14:06
3 - 20% - 20% - 8:54
4 - 8% - 10% - 3:23
PP Forward
1 - 62% - 60% - 2:24
2 - 38% - 40% - 1:28
PP Defense
1 - 70% - 60% - 2:43
2 - 30% - 40% - 1:09
PK Forward
1 - 74% - 60% - 7:18
2 - 26% - 40% - 2:33
PK Defense
1 - 60% - 60% - 5:56
2 - 40% - 40% - 3:55
PK3 Forward
1 - 0% - 60%
2 - 0% - 40%
PK3 Defense
1 - 0% - 60%
2 - 0% - 40%
44 Forward
1 - 88% - 60% - 1:13
2 - 12% - 40% - 0:10
44 Defense
1 - 73% - 60% - 1:01
2 - 27% - 40% - 0:22
Last Minute Offensive - 0:00
Last Minute Defensive - 0:00
Total
Forward - 60:00
Defense - 60:00
|
Play by Play
1st period
0:01 of 1st period - Éric Belanger wins face-off versus Enver Lisin in neutral zone.
0:31 of 1st period - Wrist shot by Barry Tallackson.
0:31 of 1st period - Shot Blocked by Jonathan Tremblay.
0:33 of 1st period - Snap shot by Shawn Matthias.
0:33 of 1st period - Goal by Shawn Matthias - Wiprows : 0 - Blackdemons : 1.
0:34 of 1st period - Patrice Cormier wins face-off versus Maxime Macenauer in neutral zone.
1:05 of 1st period - Wrist shot by Nick Bonino.
1:05 of 1st period - Stopped by Chris Mason without a rebound.
1:06 of 1st period - Matt Beleskey wins face-off versus Shawn Matthias in Blackdemons zone.
1:07 of 1st period - Snap shot by Tim Schaller.
1:07 of 1st period - Shot Blocked by Andrew MacDonald.
1:09 of 1st period - Snap shot by Linden Vey.
1:09 of 1st period - Shot Misses the Net.
1:11 of 1st period - Wrist shot by Linden Vey.
1:11 of 1st period - Stopped by Chris Mason with a rebound.
1:13 of 1st period - Wrist shot by Tim Schaller.
1:13 of 1st period - Shot Misses the Net.
1:15 of 1st period - Slapshot by Tim Schaller.
1:15 of 1st period - Shot Misses the Net.
1:52 of 1st period - Snap shot by Zach Boychuk.
1:52 of 1st period - Shot Hit the Post.
1:56 of 1st period - Snap shot by Wayne Primeau.
1:56 of 1st period - Shot Blocked by Brendon Nash.
1:58 of 1st period - Backhand shot by Wayne Primeau.
1:58 of 1st period - Deflect By Enver Lisin.
1:58 of 1st period - Shot Misses the Net.
1:58 of 1st period - Puck is out of play.
1:59 of 1st period - Wayne Primeau wins face-off versus Maxime Macenauer in Wiprows zone.
2:12 of 1st period - Snap shot by Tim Conboy.
2:12 of 1st period - Stopped by Chris Mason without a rebound.
2:13 of 1st period - Éric Belanger wins face-off versus Shawn Matthias in Blackdemons zone.
2:18 of 1st period - Wrist shot by Éric Belanger.
2:18 of 1st period - Shot Misses the Net.
2:38 of 1st period - Calvin de Haan is hit by Nick Bonino and loses puck.
2:45 of 1st period - Snap shot by Nick Bonino.
2:45 of 1st period - Stopped by Chris Mason without a rebound.
2:46 of 1st period - Wayne Primeau wins face-off versus Nick Bonino in Blackdemons zone.
4:02 of 1st period - Snap shot by Tim Schaller.
4:02 of 1st period - Stopped by Chris Mason without a rebound.
4:03 of 1st period - Éric Belanger wins face-off versus Wayne Primeau in Blackdemons zone.
4:05 of 1st period - Minor Penalty to Zach Boychuk for Tripping.
4:06 of 1st period - Enver Lisin wins face-off versus Éric Belanger in Blackdemons zone.
4:06 of 1st period - Enver Lisin is hit by Kristian Huselius.
4:17 of 1st period - Snap shot by T.J. Oshie.
4:17 of 1st period - Stopped by Chris Mason with a rebound.
6:05 of 1st period - Penalty to Zach Boychuk is over, Zach Boychuk is back on ice.
6:40 of 1st period - Wrist shot by Mathieu Dandenault.
6:40 of 1st period - Shot Blocked by Cade Fairchild.
6:42 of 1st period - Slapshot by Steve Oleksy.
6:42 of 1st period - Stopped by Anders Lindback with a rebound.
7:06 of 1st period - Snap shot by Enver Lisin.
7:06 of 1st period - Deflect By Zach Boychuk.
7:06 of 1st period - Shot Blocked by Thomas Hickey.
7:06 of 1st period - Puck is out of play.
7:07 of 1st period - Wayne Primeau wins face-off versus Tim Schaller in Wiprows zone.
7:28 of 1st period - Wrist shot by Richard Park.
7:28 of 1st period - Stopped by Anders Lindback without a rebound.
7:29 of 1st period - Maxime Macenauer wins face-off versus Patrice Cormier in Wiprows zone.
7:41 of 1st period - Off-side.
7:42 of 1st period - Éric Belanger wins face-off versus Wayne Primeau in neutral zone.
8:32 of 1st period - Icing by Kevin Connauton.
8:33 of 1st period - Maxime Macenauer wins face-off versus Patrice Cormier in Wiprows zone.
8:33 of 1st period - Maxime Macenauer is hit by Patrice Cormier.
9:05 of 1st period - Slapshot by Matt Irwin.
9:05 of 1st period - Stopped by Anders Lindback with a rebound.
9:07 of 1st period - Wrist shot by Richard Park.
9:07 of 1st period - Shot Misses the Net.
9:11 of 1st period - Slapshot by Matt Irwin.
9:11 of 1st period - Deflect By Maxime Macenauer.
9:11 of 1st period - Stopped by Anders Lindback with a rebound.
9:29 of 1st period - Icing by Richard Park.
9:30 of 1st period - Patrice Cormier wins face-off versus Éric Belanger in Blackdemons zone.
9:37 of 1st period - Snap shot by Richard Park.
9:37 of 1st period - Shot Misses the Net.
9:57 of 1st period - Snap shot by Richard Park.
9:57 of 1st period - Stopped by Anders Lindback with a rebound.
9:59 of 1st period - Slapshot by Jakub Kindl.
9:59 of 1st period - Stopped by Anders Lindback without a rebound.
10:00 of 1st period - Wayne Primeau wins face-off versus Nick Bonino in Wiprows zone.
10:16 of 1st period - Wrist shot by Wayne Primeau.
10:16 of 1st period - Stopped by Anders Lindback without a rebound.
10:17 of 1st period - Éric Belanger wins face-off versus Shawn Matthias in Wiprows zone.
10:22 of 1st period - Michael Haley is hit by Éric Belanger and loses puck.
10:43 of 1st period - Zach Boychuk is hit by Brandon Bollig and loses puck.
11:08 of 1st period - Brendon Nash is hit by Mathieu Dandenault and loses puck.
11:15 of 1st period - Mathieu Dandenault is hit by Tim Schaller.
11:49 of 1st period - Jakub Kindl is hit by Éric Belanger and loses puck.
12:09 of 1st period - Off-side.
12:10 of 1st period - Nick Bonino wins face-off versus Patrice Cormier in neutral zone.
12:19 of 1st period - Snap shot by Jonathan Tremblay.
12:19 of 1st period - Stopped by Chris Mason with a rebound.
12:57 of 1st period - Wrist shot by Richard Park.
12:57 of 1st period - Shot Blocked by Brandon Bollig.
12:59 of 1st period - Slapshot by Richard Park.
12:59 of 1st period - Stopped by Anders Lindback without a rebound.
13:00 of 1st period - Wayne Primeau wins face-off versus Éric Belanger in Wiprows zone.
13:01 of 1st period - Snap shot by Enver Lisin.
13:01 of 1st period - Shot Misses the Net.
13:03 of 1st period - Wrist shot by Wayne Primeau.
13:03 of 1st period - Stopped by Anders Lindback with a rebound.
13:05 of 1st period - Slapshot by Steve Oleksy.
13:05 of 1st period - Shot Blocked by Brendon Nash.
13:26 of 1st period - Icing by Kristian Huselius.
13:27 of 1st period - Éric Belanger wins face-off versus Steven Zalewski in Wiprows zone.
13:43 of 1st period - Minor Penalty to Brendon Nash for Hooking.
13:44 of 1st period - Wayne Primeau wins face-off versus Éric Belanger in Wiprows zone.
14:08 of 1st period - T.J. Oshie is hit by Michael Haley and loses puck.
14:13 of 1st period - Backhand shot by Barry Tallackson.
14:13 of 1st period - Stopped by Anders Lindback with a rebound.
14:15 of 1st period - Slapshot by Andrew MacDonald.
14:15 of 1st period - Shot Blocked by Cade Fairchild.
14:19 of 1st period - Snap shot by Michael Haley.
14:19 of 1st period - Shot Misses the Net.
15:06 of 1st period - T.J. Oshie is hit by Shawn Matthias and loses puck.
15:43 of 1st period - Penalty to Brendon Nash is over, Brendon Nash is back on ice.
16:01 of 1st period - Wrist shot by Mathieu Dandenault.
16:01 of 1st period - Shot Misses the Net.
16:03 of 1st period - Slapshot by Matt Hunwick.
16:03 of 1st period - Shot Blocked by Nick Bonino.
16:13 of 1st period - Tim Schaller is hit by Jeffrey Foss and loses puck.
16:32 of 1st period - Wrist shot by Brendon Nash.
16:32 of 1st period - Stopped by Chris Mason without a rebound.
16:33 of 1st period - Maxime Macenauer wins face-off versus Wayne Primeau in Blackdemons zone.
16:58 of 1st period - Nick Bonino is hit by Jakub Kindl and loses puck.
17:20 of 1st period - Slapshot by Matt Irwin.
17:20 of 1st period - Shot Blocked by Kevin Connauton.
17:22 of 1st period - Wrist shot by Richard Park.
17:22 of 1st period - Stopped by Anders Lindback without a rebound.
17:23 of 1st period - Wayne Primeau wins face-off versus Maxime Macenauer in Wiprows zone.
17:26 of 1st period - Wrist shot by Enver Lisin.
17:26 of 1st period - Shot Misses the Net.
18:05 of 1st period - Minor Penalty to Thomas Hickey for Hooking.
18:06 of 1st period - Éric Belanger wins face-off versus Wayne Primeau in Wiprows zone.
18:15 of 1st period - Slapshot by Matt Irwin.
18:15 of 1st period - Deflect By Enver Lisin.
18:15 of 1st period - Stopped by Anders Lindback without a rebound.
18:16 of 1st period - Éric Belanger wins face-off versus Wayne Primeau in Wiprows zone.
18:39 of 1st period - Gord Baldwin is hit by Matt Irwin and loses puck.
18:54 of 1st period - Wrist shot by Wayne Primeau.
18:54 of 1st period - Stopped by Anders Lindback with a rebound.
18:56 of 1st period - Wrist shot by Zach Boychuk.
18:56 of 1st period - Shot Misses the Net.
18:58 of 1st period - Snap shot by Wayne Primeau.
18:58 of 1st period - Stopped by Anders Lindback with a rebound.
19:00 of 1st period - Slapshot by Jakub Kindl.
19:00 of 1st period - Stopped by Anders Lindback with a rebound.
19:02 of 1st period - Wrist shot by Wayne Primeau.
19:02 of 1st period - Shot Misses the Net.
19:04 of 1st period - Slapshot by Zach Boychuk.
19:04 of 1st period - Stopped by Anders Lindback with a rebound.
19:06 of 1st period - Slapshot by Matt Irwin.
19:06 of 1st period - Stopped by Anders Lindback without a rebound.
19:07 of 1st period - Shawn Matthias wins face-off versus Kristian Huselius in Wiprows zone.
19:18 of 1st period - Slapshot by Andrew MacDonald.
19:18 of 1st period - Shot Blocked by Kevin Connauton.
19:22 of 1st period - Snap shot by Barry Tallackson.
19:22 of 1st period - Goal by Barry Tallackson - Wiprows : 0 - Blackdemons : 2.
19:23 of 1st period - Enver Lisin wins face-off versus Éric Belanger in neutral zone.
19:23 of 1st period - Matt Irwin is hit by Éric Belanger and loses puck.
19:36 of 1st period - Wrist shot by Zach Boychuk.
19:36 of 1st period - Deflect By Wayne Primeau.
19:36 of 1st period - Shot Misses the Net.
19:36 of 1st period - Puck is out of play.
19:37 of 1st period - Wayne Primeau wins face-off versus Éric Belanger in Wiprows zone.
Goals for this period are 0 for Wiprows vs 2 for Blackdemons.
Shots for this period are 8 for Wiprows vs 19 for Blackdemons.
2nd period
0:01 of 2nd period - Éric Belanger wins face-off versus Wayne Primeau in neutral zone.
0:08 of 2nd period - Snap shot by T.J. Oshie.
0:08 of 2nd period - Stopped by Chris Mason without a rebound.
0:09 of 2nd period - Wayne Primeau wins face-off versus Éric Belanger in Blackdemons zone.
0:09 of 2nd period - Wayne Primeau is hit by Kristian Huselius.
0:15 of 2nd period - Slapshot by Matt Irwin.
0:15 of 2nd period - Stopped by Anders Lindback with a rebound.
0:29 of 2nd period - Snap shot by T.J. Oshie.
0:29 of 2nd period - Stopped by Chris Mason with a rebound.
0:33 of 2nd period - Snap shot by Éric Belanger.
0:33 of 2nd period - Shot Misses the Net.
0:59 of 2nd period - Snap shot by Brendon Nash.
0:59 of 2nd period - Deflect By Matt Irwin.
0:59 of 2nd period - Stopped by Chris Mason with a rebound.
1:09 of 2nd period - Kristian Huselius is hit by Zach Boychuk.
1:27 of 2nd period - Snap shot by Kristian Huselius.
1:27 of 2nd period - Shot Misses the Net.
1:29 of 2nd period - Wrist shot by Éric Belanger.
1:29 of 2nd period - Goal by Éric Belanger - Wiprows : 1 - Blackdemons : 2.
1:30 of 2nd period - Jonathan Tremblay wins face-off versus Shawn Matthias in neutral zone.
1:39 of 2nd period - Matt Hunwick is hit by Jonathan Tremblay.
1:55 of 2nd period - Shawn Matthias is hit by Linden Vey and loses puck.
2:04 of 2nd period - Snap shot by Matt Beleskey.
2:04 of 2nd period - Shot Blocked by Andrew MacDonald.
2:06 of 2nd period - Slapshot by Oliver Lauridsen.
2:06 of 2nd period - Shot Misses the Net.
2:08 of 2nd period - Snap shot by Tim Schaller.
2:08 of 2nd period - Stopped by Chris Mason without a rebound.
2:09 of 2nd period - Eric Wellwood wins face-off versus Nick Bonino in Blackdemons zone.
2:20 of 2nd period - Eric Wellwood is hit by Nick Bonino and loses puck.
3:52 of 2nd period - Slapshot by Brendon Nash.
3:52 of 2nd period - Stopped by Chris Mason without a rebound.
3:53 of 2nd period - Éric Belanger wins face-off versus Barry Tallackson in Blackdemons zone.
4:18 of 2nd period - Jonathan Tremblay is hit by Enver Lisin.
4:26 of 2nd period - Wrist shot by Zach Boychuk.
4:26 of 2nd period - Stopped by Anders Lindback with a rebound.
4:28 of 2nd period - Wrist shot by Enver Lisin.
4:28 of 2nd period - Shot Misses the Net.
4:46 of 2nd period - Thomas Hickey is hit by Richard Park and loses puck.
5:15 of 2nd period - Nick Bonino is hit by Wayne Primeau and loses puck.
5:32 of 2nd period - Matt Irwin is hit by Cade Fairchild and loses puck.
6:01 of 2nd period - T.J. Oshie is hit by Richard Park and loses puck.
6:27 of 2nd period - Slapshot by Richard Park.
6:27 of 2nd period - Stopped by Anders Lindback with a rebound.
6:29 of 2nd period - Slapshot by Patrice Cormier.
6:29 of 2nd period - Shot Misses the Net.
6:31 of 2nd period - Slapshot by Jakub Kindl.
6:31 of 2nd period - Stopped by Anders Lindback with a rebound.
6:33 of 2nd period - Snap shot by Matt Irwin.
6:33 of 2nd period - Deflect By Kristian Huselius.
6:33 of 2nd period - Stopped by Anders Lindback without a rebound.
6:34 of 2nd period - Enver Lisin wins face-off versus Nick Bonino in Wiprows zone.
6:37 of 2nd period - Slapshot by Zach Boychuk.
6:37 of 2nd period - Shot Misses the Net.
6:50 of 2nd period - Minor Penalty to Nick Bonino for Hooking.
6:51 of 2nd period - Wayne Primeau wins face-off versus Éric Belanger in Wiprows zone.
6:54 of 2nd period - Slapshot by Zach Boychuk.
6:54 of 2nd period - Shot Misses the Net.
7:26 of 2nd period - Minor Penalty to Shawn Matthias for Hooking.
7:27 of 2nd period - Enver Lisin wins face-off versus Éric Belanger in Blackdemons zone.
7:35 of 2nd period - Slapshot by Matt Irwin.
7:35 of 2nd period - Shot Blocked by Gord Baldwin.
7:37 of 2nd period - Wrist shot by Barry Tallackson.
7:37 of 2nd period - Shot Blocked by Éric Belanger.
7:39 of 2nd period - Wrist shot by Enver Lisin.
7:39 of 2nd period - Shot Misses the Net.
7:41 of 2nd period - Slapshot by Enver Lisin.
7:41 of 2nd period - Shot Blocked by T.J. Oshie.
7:43 of 2nd period - Slapshot by Matt Irwin.
7:43 of 2nd period - Deflect By Barry Tallackson.
7:43 of 2nd period - Shot Blocked by Brendon Nash.
7:43 of 2nd period - Puck is out of play.
7:44 of 2nd period - Éric Belanger wins face-off versus Barry Tallackson in Wiprows zone.
7:49 of 2nd period - Jakub Kindl is hit by Éric Belanger and loses puck.
8:38 of 2nd period - Enver Lisin is hit by Jordan Szwarz and loses puck.
8:43 of 2nd period - Slapshot by Thomas Hickey.
8:43 of 2nd period - Deflect By Drayson Bowman.
8:43 of 2nd period - Shot Misses the Net.
8:43 of 2nd period - Puck is out of play.
8:44 of 2nd period - Éric Belanger wins face-off versus Igor Makarov in Blackdemons zone.
8:50 of 2nd period - Penalty to Nick Bonino is over, Nick Bonino is back on ice.
9:09 of 2nd period - Slapshot by Brendon Nash.
9:09 of 2nd period - Shot Blocked by Wayne Primeau.
9:26 of 2nd period - Penalty to Shawn Matthias is over, Shawn Matthias is back on ice.
9:37 of 2nd period - Mathieu Dandenault is hit by Eric Tangradi and loses puck.
10:53 of 2nd period - Wrist shot by Eric Tangradi.
10:53 of 2nd period - Shot Misses the Net.
10:55 of 2nd period - Slapshot by Tim Conboy.
10:55 of 2nd period - Shot Misses the Net.
11:05 of 2nd period - Eric Wellwood is hit by Brendon Nash and loses puck.
11:12 of 2nd period - Slapshot by Matt Hunwick.
11:12 of 2nd period - Shot Misses the Net.
11:14 of 2nd period - Snap shot by Richard Park.
11:14 of 2nd period - Shot Blocked by Gord Baldwin.
11:16 of 2nd period - Snap shot by Richard Park.
11:16 of 2nd period - Stopped by Anders Lindback with a rebound.
11:18 of 2nd period - Wrist shot by Patrice Cormier.
11:18 of 2nd period - Shot Misses the Net.
11:20 of 2nd period - Wrist shot by Patrice Cormier.
11:20 of 2nd period - Shot Blocked by Gord Baldwin.
11:22 of 2nd period - Slapshot by Richard Park.
11:22 of 2nd period - Shot Blocked by Brendon Nash.
11:24 of 2nd period - Slapshot by Matt Hunwick.
11:24 of 2nd period - Shot Blocked by Gord Baldwin.
11:26 of 2nd period - Slapshot by Andrew MacDonald.
11:26 of 2nd period - Shot Misses the Net.
11:28 of 2nd period - Snap shot by Richard Park.
11:28 of 2nd period - Goal by Richard Park - Wiprows : 1 - Blackdemons : 3.
11:29 of 2nd period - Éric Belanger wins face-off versus Wayne Primeau in neutral zone.
11:34 of 2nd period - Snap shot by Kristian Huselius.
11:34 of 2nd period - Shot Misses the Net.
11:36 of 2nd period - Snap shot by Thomas Hickey.
11:36 of 2nd period - Stopped by Chris Mason without a rebound.
11:37 of 2nd period - Éric Belanger wins face-off versus Wayne Primeau in Blackdemons zone.
11:52 of 2nd period - Snap shot by Kristian Huselius.
11:52 of 2nd period - Goal by Kristian Huselius - Wiprows : 2 - Blackdemons : 3.
11:53 of 2nd period - Shawn Matthias wins face-off versus Kristian Huselius in neutral zone.
12:21 of 2nd period - Minor Penalty to Wayne Primeau for Goalie Interference.
12:22 of 2nd period - Éric Belanger wins face-off versus Enver Lisin in Blackdemons zone.
12:24 of 2nd period - Snap shot by Éric Belanger.
12:24 of 2nd period - Shot Blocked by Barry Tallackson.
12:26 of 2nd period - Slapshot by Éric Belanger.
12:26 of 2nd period - Shot Misses the Net.
12:28 of 2nd period - Snap shot by Kristian Huselius.
12:28 of 2nd period - Stopped by Chris Mason without a rebound.
12:29 of 2nd period - Enver Lisin wins face-off versus Éric Belanger in Blackdemons zone.
12:38 of 2nd period - Wrist shot by Kristian Huselius.
12:38 of 2nd period - Goal by Kristian Huselius - Wiprows : 3 - Blackdemons : 3.
12:39 of 2nd period - Shawn Matthias wins face-off versus T.J. Oshie in neutral zone.
12:41 of 2nd period - Minor Penalty to Michael Haley for Roughing.
12:42 of 2nd period - Enver Lisin wins face-off versus Éric Belanger in Blackdemons zone.
12:52 of 2nd period - Slapshot by Gord Baldwin.
12:52 of 2nd period - Stopped by Chris Mason with a rebound.
12:54 of 2nd period - Snap shot by Éric Belanger.
12:54 of 2nd period - Shot Blocked by Matt Irwin.
12:56 of 2nd period - Slapshot by Kristian Huselius.
12:56 of 2nd period - Stopped by Chris Mason with a rebound.
13:12 of 2nd period - Slapshot by Brendon Nash.
13:12 of 2nd period - Deflect By Jonathan Tremblay.
13:12 of 2nd period - Shot Misses the Net.
13:12 of 2nd period - Puck is out of play.
13:13 of 2nd period - Éric Belanger wins face-off versus Enver Lisin in Blackdemons zone.
13:14 of 2nd period - Snap shot by T.J. Oshie.
13:14 of 2nd period - Shot Misses the Net.
13:20 of 2nd period - Wrist shot by T.J. Oshie.
13:20 of 2nd period - Shot Misses the Net.
13:22 of 2nd period - Snap shot by T.J. Oshie.
13:22 of 2nd period - Shot Misses the Net.
13:24 of 2nd period - Slapshot by T.J. Oshie.
13:24 of 2nd period - Deflect By Éric Belanger.
13:24 of 2nd period - Goal by Éric Belanger - Wiprows : 4 - Blackdemons : 3.
13:25 of 2nd period - Wayne Primeau wins face-off versus Éric Belanger in neutral zone.
13:56 of 2nd period - Minor Penalty to Michael Haley for Hooking.
13:57 of 2nd period - Enver Lisin wins face-off versus Kristian Huselius in Blackdemons zone.
14:11 of 2nd period - Wrist shot by T.J. Oshie.
14:11 of 2nd period - Stopped by Chris Mason without a rebound.
14:12 of 2nd period - Kristian Huselius wins face-off versus Enver Lisin in Blackdemons zone.
14:46 of 2nd period - Slapshot by Andrew MacDonald.
14:46 of 2nd period - Stopped by Anders Lindback with a rebound.
15:20 of 2nd period - Slapshot by Matt Irwin.
15:20 of 2nd period - Shot Blocked by Thomas Hickey.
15:56 of 2nd period - Penalty to Michael Haley is over, Michael Haley is back on ice.
17:02 of 2nd period - Slapshot by Barry Tallackson.
17:02 of 2nd period - Shot Blocked by Oliver Lauridsen.
17:08 of 2nd period - Oliver Lauridsen is hit by Michael Haley and loses puck.
17:31 of 2nd period - Snap shot by Eric Tangradi.
17:31 of 2nd period - Deflect By Enver Lisin.
17:31 of 2nd period - Shot Misses the Net.
17:31 of 2nd period - Puck is out of play.
17:32 of 2nd period - Éric Belanger wins face-off versus Wayne Primeau in Blackdemons zone.
17:45 of 2nd period - Wrist shot by Enver Lisin.
17:45 of 2nd period - Shot Misses the Net.
17:59 of 2nd period - Matt Irwin is hit by Jonathan Tremblay and loses puck.
18:23 of 2nd period - Minor Penalty to Patrice Cormier for Hooking.
18:24 of 2nd period - Éric Belanger wins face-off versus Enver Lisin in Blackdemons zone.
18:34 of 2nd period - Backhand shot by Kristian Huselius.
18:34 of 2nd period - Shot Misses the Net.
18:36 of 2nd period - Wrist shot by Thomas Hickey.
18:36 of 2nd period - Deflect By Éric Belanger.
18:36 of 2nd period - Shot Misses the Net.
18:36 of 2nd period - Puck is out of play.
18:37 of 2nd period - Éric Belanger wins face-off versus Enver Lisin in Blackdemons zone.
18:42 of 2nd period - Wrist shot by T.J. Oshie.
18:42 of 2nd period - Goal by T.J. Oshie - Wiprows : 5 - Blackdemons : 3.
18:42 of 2nd period - Andrew Hammond enters game.
18:43 of 2nd period - Wayne Primeau wins face-off versus Éric Belanger in neutral zone.
18:52 of 2nd period - Snap shot by Kristian Huselius.
18:52 of 2nd period - Shot Misses the Net.
18:54 of 2nd period - Slapshot by Éric Belanger.
18:54 of 2nd period - Stopped by Andrew Hammond with a rebound.
19:12 of 2nd period - Icing by Gord Baldwin.
19:13 of 2nd period - Nick Bonino wins face-off versus Shawn Matthias in Wiprows zone.
19:13 of 2nd period - Nick Bonino is hit by Barry Tallackson.
19:47 of 2nd period - Wrist shot by Barry Tallackson.
19:47 of 2nd period - Shot Misses the Net.
Goals for this period are 5 for Wiprows vs 1 for Blackdemons.
Shots for this period are 16 for Wiprows vs 8 for Blackdemons.
3rd period
0:01 of 3rd period - Éric Belanger wins face-off versus Zach Boychuk in neutral zone.
0:04 of 3rd period - Wrist shot by Kevin Connauton.
0:04 of 3rd period - Shot Blocked by Zach Boychuk.
0:06 of 3rd period - Wrist shot by T.J. Oshie.
0:06 of 3rd period - Shot Misses the Net.
0:08 of 3rd period - Wrist shot by Thomas Hickey.
0:08 of 3rd period - Deflect By Kristian Huselius.
0:08 of 3rd period - Stopped by Andrew Hammond with a rebound.
0:31 of 3rd period - Wrist shot by Brendon Nash.
0:31 of 3rd period - Shot Blocked by Shawn Matthias.
0:33 of 3rd period - Snap shot by Nick Bonino.
0:33 of 3rd period - Stopped by Andrew Hammond with a rebound.
0:35 of 3rd period - Snap shot by Nick Bonino.
0:35 of 3rd period - Shot Blocked by Matt Irwin.
0:58 of 3rd period - Brendon Nash is hit by Richard Park and loses puck.
1:31 of 3rd period - Wrist shot by Jonathan Tremblay.
1:31 of 3rd period - Stopped by Andrew Hammond with a rebound.
1:35 of 3rd period - Snap shot by Brendon Nash.
1:35 of 3rd period - Stopped by Andrew Hammond with a rebound.
1:37 of 3rd period - Wrist shot by Jonathan Tremblay.
1:37 of 3rd period - Shot Misses the Net.
1:39 of 3rd period - Slapshot by Gord Baldwin.
1:39 of 3rd period - Stopped by Andrew Hammond with a rebound.
1:48 of 3rd period - Icing by Andrew MacDonald.
1:49 of 3rd period - Shawn Matthias wins face-off versus Tim Schaller in Blackdemons zone.
1:49 of 3rd period - Shawn Matthias is hit by Kevin Connauton.
2:20 of 3rd period - Kevin Connauton is hit by Zach Boychuk.
2:38 of 3rd period - Slapshot by Nick Bonino.
2:38 of 3rd period - Deflect By Richard Park.
2:38 of 3rd period - Stopped by Andrew Hammond with a rebound.
2:40 of 3rd period - Wrist shot by Brandon Bollig.
2:40 of 3rd period - Deflect By Jonathan Tremblay.
2:40 of 3rd period - Shot Misses the Net.
2:40 of 3rd period - Puck is out of play.
2:41 of 3rd period - Patrice Cormier wins face-off versus Nick Bonino in Blackdemons zone.
3:46 of 3rd period - Wrist shot by Eric Wellwood.
3:46 of 3rd period - Shot Blocked by Kristian Huselius.
3:48 of 3rd period - Slapshot by Steve Oleksy.
3:48 of 3rd period - Shot Misses the Net.
3:50 of 3rd period - Wrist shot by Eric Wellwood.
3:50 of 3rd period - Shot Misses the Net.
3:52 of 3rd period - Wrist shot by Patrice Cormier.
3:52 of 3rd period - Goal by Patrice Cormier - Wiprows : 5 - Blackdemons : 4.
3:53 of 3rd period - Wayne Primeau wins face-off versus Nick Bonino in neutral zone.
5:07 of 3rd period - Slapshot by Matt Hunwick.
5:07 of 3rd period - Shot Blocked by Gord Baldwin.
5:25 of 3rd period - Snap shot by Tim Conboy.
5:25 of 3rd period - Shot Blocked by Steve Oleksy.
5:27 of 3rd period - Wrist shot by Maxime Macenauer.
5:27 of 3rd period - Shot Blocked by Mathieu Dandenault.
5:29 of 3rd period - Wrist shot by Tim Conboy.
5:29 of 3rd period - Stopped by Andrew Hammond without a rebound.
5:30 of 3rd period - Éric Belanger wins face-off versus Wayne Primeau in Blackdemons zone.
5:35 of 3rd period - Snap shot by Kristian Huselius.
5:35 of 3rd period - Stopped by Andrew Hammond with a rebound.
5:37 of 3rd period - Slapshot by Kevin Connauton.
5:37 of 3rd period - Goal by Kevin Connauton - Wiprows : 6 - Blackdemons : 4.
5:38 of 3rd period - Wayne Primeau wins face-off versus Éric Belanger in neutral zone.
6:04 of 3rd period - Michael Haley is hit by Jonathan Tremblay and loses puck.
6:11 of 3rd period - Slapshot by Brandon Bollig.
6:11 of 3rd period - Stopped by Andrew Hammond with a rebound.
6:13 of 3rd period - Wrist shot by Nick Bonino.
6:13 of 3rd period - Stopped by Andrew Hammond with a rebound.
6:36 of 3rd period - Brendon Nash is hit by Jakub Kindl.
6:54 of 3rd period - Slapshot by Steven Zalewski.
6:54 of 3rd period - Stopped by Anders Lindback without a rebound.
6:55 of 3rd period - Éric Belanger wins face-off versus Wayne Primeau in Wiprows zone.
6:55 of 3rd period - Éric Belanger is hit by Wayne Primeau.
7:11 of 3rd period - Slapshot by Zach Boychuk.
7:11 of 3rd period - Shot Misses the Net.
7:23 of 3rd period - Snap shot by Jonathan Tremblay.
7:23 of 3rd period - Goal by Jonathan Tremblay - Wiprows : 7 - Blackdemons : 4.
7:24 of 3rd period - Enver Lisin wins face-off versus Éric Belanger in neutral zone.
7:33 of 3rd period - Slapshot by Zach Boychuk.
7:33 of 3rd period - Stopped by Anders Lindback with a rebound.
7:35 of 3rd period - Snap shot by Enver Lisin.
7:35 of 3rd period - Stopped by Anders Lindback without a rebound.
7:36 of 3rd period - Wayne Primeau wins face-off versus Éric Belanger in Wiprows zone.
8:27 of 3rd period - Wrist shot by Tim Conboy.
8:27 of 3rd period - Shot Misses the Net.
9:13 of 3rd period - Slapshot by Matt Beleskey.
9:13 of 3rd period - Stopped by Andrew Hammond with a rebound.
9:15 of 3rd period - Slapshot by Brendon Nash.
9:15 of 3rd period - Shot Blocked by Zach Boychuk.
9:21 of 3rd period - Minor Penalty to Andrew MacDonald for Hooking.
9:22 of 3rd period - Enver Lisin wins face-off versus Éric Belanger in Blackdemons zone.
9:53 of 3rd period - Enver Lisin is hit by Jonathan Tremblay.
11:21 of 3rd period - Penalty to Andrew MacDonald is over, Andrew MacDonald is back on ice.
11:22 of 3rd period - Icing by Nick Bonino.
11:23 of 3rd period - Drayson Bowman wins face-off versus Steven Zalewski in Wiprows zone.
11:39 of 3rd period - Snap shot by Tim Conboy.
11:39 of 3rd period - Stopped by Andrew Hammond with a rebound.
11:49 of 3rd period - Snap shot by Eric Tangradi.
11:49 of 3rd period - Shot Misses the Net.
12:01 of 3rd period - Snap shot by Barry Tallackson.
12:01 of 3rd period - Shot Misses the Net.
12:23 of 3rd period - Tim Schaller is hit by Enver Lisin.
12:29 of 3rd period - Snap shot by Enver Lisin.
12:29 of 3rd period - Stopped by Anders Lindback with a rebound.
13:03 of 3rd period - Andrew MacDonald is hit by Nick Bonino and loses puck.
13:29 of 3rd period - Jakub Kindl is hit by Kevin Connauton and loses puck.
14:14 of 3rd period - Slapshot by Richard Park.
14:14 of 3rd period - Shot Blocked by Kevin Connauton.
14:16 of 3rd period - Slapshot by Patrice Cormier.
14:16 of 3rd period - Stopped by Anders Lindback with a rebound.
14:18 of 3rd period - Slapshot by Jeffrey Foss.
14:18 of 3rd period - Shot Misses the Net.
14:30 of 3rd period - Slapshot by Thomas Hickey.
14:30 of 3rd period - Deflect By Brandon Bollig.
14:30 of 3rd period - Shot Misses the Net.
14:30 of 3rd period - Puck is out of play.
14:31 of 3rd period - Shawn Matthias wins face-off versus Nick Bonino in Blackdemons zone.
14:31 of 3rd period - Barry Tallackson is hit by Brandon Bollig and loses puck.
14:56 of 3rd period - Gord Baldwin is hit by Zach Boychuk and loses puck.
16:25 of 3rd period - Jakub Kindl is hit by Cade Fairchild.
16:47 of 3rd period - Snap shot by Tim Conboy.
16:47 of 3rd period - Goal by Tim Conboy - Wiprows : 8 - Blackdemons : 4.
16:48 of 3rd period - Wayne Primeau wins face-off versus Nick Bonino in neutral zone.
17:45 of 3rd period - Minor Penalty to Patrice Cormier for Goalie Interference.
17:46 of 3rd period - Éric Belanger wins face-off versus Enver Lisin in Blackdemons zone.
17:57 of 3rd period - Slapshot by Brendon Nash.
17:57 of 3rd period - Stopped by Andrew Hammond with a rebound.
19:45 of 3rd period - Penalty to Patrice Cormier is over, Patrice Cormier is back on ice.
Goals for this period are 3 for Wiprows vs 1 for Blackdemons.
Shots for this period are 16 for Wiprows vs 6 for Blackdemons.
Back to the Top